 Dungeon Crawl Stone Soup version 0.26.1-11-gd32895ea62 (webtiles) character file.

Game seed: 5309428255547813352

28 adizb the Grave Robber (level 3, 0/28 HPs)
             Began as a Deep Dwarf Necromancer on June 25, 2021.
             Shot with a stone by a goblin (4 damage)
             ... led by Robin
             ... on level 2 of the Dungeon.
             The game lasted 00:11:20 (875 turns).

adizb the Grave Robber (Deep Dwarf Necromancer)      Turns: 875, Time: 00:11:20

Health: 0/28       AC:  2    Str: 11    XL:     3   Next: 0%
Magic:  3/6        EV: 13    Int: 16    God:
Gold:   32         SH:  0    Dex: 13    Spells: 5/6 levels left

rFire    . . .     SeeInvis .   (no weapon)
rCold    . . .     Faith    .   (no shield)
rNeg     . . .     Spirit   .   a - +0 robe
rPois    .         Reflect  .   (no helmet)
rElec    .         Harm     .   (no cloak)
rCorr    .         Rampage  .   (no gloves)
Will     .....                  (no boots)
Stlth    ++........             (no amulet)
HPRegen  0.00/turn              (no ring)
MPRegen  0.10/turn              (no ring)

@: non-regenerating
A: damage resistance, heal wounds, sense surroundings 1, no regeneration
a: Heal Wounds


You were on level 2 of the Dungeon.
You visited 1 branch of the dungeon, and saw 2 of its levels.

You collected 32 gold pieces.

Inventory:

Hand Weapons
 d - a +0 dagger
Armour
 a - a +0 robe (worn)
Scrolls
 c - a scroll of amnesia
 e - a scroll of identify
 g - a scroll of magic mapping {unknown}
Potions
 f - a potion of heal wounds {unknown}


   Skills:
 + Level 2.6 Dodging
 + Level 2.8 Stealth
 * Level 2.2 Spellcasting
 + Level 4.7 Necromancy


You had 5 spell levels left.
You knew the following spells:

 Your Spells              Type           Power        Failure   Level
a - Pain                  Necr           64%          3%          1

Your spell library contained the following spells:

 Spells                   Type           Power        Failure   Level
 Animate Skeleton         Necr           32%          3%          1
 Vampiric Draining        Necr           8%           9%          3
 Animate Dead             Necr           8%           28%         4
 Agony                    Necr           16%          63%         5


Dungeon Overview and Level Annotations

Branches:
Dungeon (2/15)

Altars:
Cheibriados
Dithmenos

Annotations:
D:2 Robin


Innate Abilities, Weirdness & Mutations

You are resistant to damage.
You can heal yourself by infusing magical energy.
You passively map a small area around you.
You do not regenerate.


Message History

Aiming: Pain (safe; 3% risk of failure)
Press: ? - help, Q - select action, (/) - cycle Shift-Dir - straight line, f - goblin, p - goblin
Aim: a goblin, wielding a -3 hunting sling and quivering 18 stones (chance to affect: 87%)
The goblin writhes in agony.
The goblin hits you with a cursed -3 hunting sling.
* * * LOW HITPOINT WARNING * * *
The goblin shoots a stone.
The stone barely misses you.
You see here a stone.
The goblin shoots a stone.
The stone hits you.
* * * LOW HITPOINT WARNING * * *
Found a scroll of identify.
You see here a stone.
The goblin shoots a stone.
The stone closely misses you.
The goblin shoots a stone.
The stone barely misses you.
Found 16 stones.
The goblin shoots a stone.
The stone closely misses you.
The goblin shoots a stone.
The stone hits you.
You see here 2 stones.
The goblin shoots a stone.
The stone hits you.
You die...

,
....[.8KgggK.g...(.....
#....._..####.g.....(..
..##...[.####........(.
, ##.#.##..........(..
, * #...##.#+####).....
###..###.#≈ #g..... *
........#≈ #.g....
######..##..# #gK#### ,
.......@##..# #g## *
######....(.######(# *
##.##....g(.((#
#####(####.### #(.....#
* ########


You could see a goblin.

Vanquished Creatures
  An ooze (D:1)
  A dart slug (D:1)
  A ball python (D:1)
  2 bats (D:1)
  2 giant cockroaches (D:1)
  3 goblins
  5 hobgoblins
  2 kobolds (D:1)
  A rat (D:1)
18 creatures vanquished.

Notes
Turn   | Place    | Note
-------+----------+-------------------------------------------
     0 | D:1      | adizb the Deep Dwarf Necromancer began the quest for the
                  | Orb.
     0 | D:1      | Reached XP level 1. HP: 15/15 MP: 3/3
   223 | D:1      | Reached XP level 2. HP: 22/22 MP: 1/4
   820 | D:2      | Found a shadowy altar of Dithmenos.
   820 | D:2      | Found a snail-covered altar of Cheibriados.
   820 | D:2      | Noticed Robin
   862 | D:2      | Reached XP level 3. HP: 6/28 MP: 3/6
   875 | D:2      | Shot with a stone by a goblin

Illustrated notes

Levels and vault maps discovered:
D:1:      amcnicky_arrival_blooded_trapdoor, layout_loops_ring,
          nrook_mini_backslash
D:2:      layout_rooms, general_overflow_altar,
          chequers_temple_overflow_statue_of_worship, uniq_robin, uniq_natasha

Skill      XL: |  1  2 |
---------------+-------+-----
Spellcasting   | 2 |  2.2
Dodging        | |  2.6
Stealth        | |  2.8
Necromancy     | |  4.7

Action                   || total
-------------------------++-------
Melee: Unarmed           ||    39
       Dagger            ||     2
 Cast: Pain              ||    26
  Use: Scroll            ||     2
 Stab: Sleeping          ||     1
Armor: Robe              ||     5
Dodge: Dodged            ||    48
